 Dungeon Crawl Stone Soup version 0.18.1-50-g88ac8fd (webtiles) character file.

765 Nordron the Digger (level 7, -1/36 HPs)
             Began as a Gargoyle Earth Elementalist on Oct 3, 2016.
             Slain by SexyTroll44's ghost (8 damage)
             ... on level 5 of the Dungeon.
             The game lasted 00:17:40 (3859 turns).

Nordron the Digger (Gargoyle Earth Elementalist)    Turns: 3859, Time: 00:17:41

Health: -1/36      AC:  7    Str: 15    XL:     7   Next: 81%
Magic:  24/24      EV: 12    Int: 18    God:
Gold:   21         SH:  0    Dex: 12    Spells: 3 memorised, 8 levels left

rFire  . . .     SeeInvis +     x - +10 trident "Hacovyoll" {flame, Str+4 Dex+2 SInv Stlth+}
rCold  . . .     Gourm    .     a - +0 robe
rNeg   + . .     Faith    .     (no shield)
rPois  ∞         Spirit   .     (no helmet)
rElec  +         Dismiss  .     j - +0 cloak
rCorr  .         Reflect  .     (no gloves)
SustAt .         Harm     .     (no boots)
MR     .....                    (no amulet)
Stlth  +++.......               (no ring)
                                s - ring of magical power

@: not resistant to hostile enchantments, fairly stealthy
A: negative energy resistance 1, electricity resistance, unbreathing,
petrification resistance, rot immunity, AC +4
a: no special abilities


You were on level 5 of the Dungeon.
You were not hungry.

You visited 1 branch of the dungeon, and saw 5 of its levels.

You collected 225 gold pieces.
You spent 204 gold pieces at shops.

Inventory:

Hand Weapons
 f - a +4 mace
 x - the +10 trident "Hacovyoll" (weapon) {flame, Str+4 Dex+2 SInv Stlth+}
   (You bought it in a shop on level 4 of the Dungeon)

   It has been specially enchanted to burn those struck by it, causing extra
   injury to most foes and up to half again as much damage against particularly
   susceptible opponents.
   It affects your strength (+4).
   It affects your dexterity (+2).
   It lets you see invisible.
   It makes you more stealthy.
Missiles
 b - 103 stones (quivered)
Armour
 a - a +0 robe (worn)
 j - a +0 cloak (worn)
Jewellery
 s - a ring of magical power (left hand)
Scrolls
 e - 4 scrolls of identify {unknown}
 h - a scroll of recharging {unknown}
 l - 2 scrolls of remove curse {unknown}
 m - a scroll of noise {unknown}
 n - a scroll of enchant weapon {unknown}
 p - 2 scrolls of magic mapping {unknown}
 w - 2 scrolls of teleportation {unknown}
 y - a scroll of fear {unknown}
Potions
 i - a potion of might {unknown}
 k - 2 potions of curing {unknown}
 o - a potion of mutation {unknown}
 u - a potion of lignification {unknown}
 v - a potion of agility {unknown}
Books
 c - a book of Geomancy

   Spells                             Type                      Level
   a - Sandblast                      Earth                        1
   b - Passwall                       Transmutation/Earth          2
   c - Stone Arrow                    Conjuration/Earth            3
   d - Petrify                        Transmutation/Earth          4
   e - Lee's Rapid Deconstruction     Earth                        5
 q - a book of Battle

   Spells                             Type                      Level
   a - Infusion                       Charms                       1
   b - Shroud of Golubria             Charms/Translocation         2
   c - Song of Slaying                Charms                       2
   d - Spectral Weapon                Hexes/Charms                 3
   e - Regeneration                   Charms/Necromancy            3
Comestibles
 d - a bread ration
 g - 7 chunks of flesh
 r - a slice of pizza
 t - a beef jerky


   Skills:
 - Level 1.5 Dodging
 - Level 2.1 Stealth
 * Level 5.8 Spellcasting
 + Level 3.8 Conjurations
   Level 0.7 Transmutations
 + Level 6.4 Earth Magic


You had 8 spell levels left.
You knew the following spells:

 Your Spells              Type           Power        Failure   Level  Hunger
a - Sandblast             Erth           ####..       1%          1    None
b - Stone Arrow           Conj/Erth      ###...       4%          3    ##.....
c - Lee's Rapid Deconstr  Erth           ####......   28%         5    #####..


Dungeon Overview and Level Annotations

Branches:
Dungeon (5/15)
 Temple: D:4-7

Altars:
Fedhas
Kikubaaqudgha
Pakellas

Shops:
D:4 (   D:5 :

Annotations:
D:5 SexyTroll44's ghost, novice GrFi


Innate Abilities, Weirdness & Mutations

You are resistant to torment.
Your stone body is resilient (AC +4).
You are immune to poison.
You resist negative energy.
You are resistant to electric shocks.
You can survive without breathing.
You are immune to petrification.
You are immune to rotting.


Message History

Attack whom?
Press: ? - help, Dir - move target cursor, f/p - SexyTroll44's ghost
Aim: SexyTroll44's ghost (severely damaged)
You reach to attack!
You hit SexyTroll44's ghost but do no damage.
SexyTroll44's ghost is severely damaged.
SexyTroll44's ghost hits you.
* * * LOW HITPOINT WARNING * * *
Drink which item? (? for menu, Esc to quit)
Okay, then.
You puncture SexyTroll44's ghost! You burn SexyTroll44's ghost.
SexyTroll44's ghost is almost destroyed.
SexyTroll44's ghost hits you but does no damage.
You barely miss SexyTroll44's ghost.
SexyTroll44's ghost is almost destroyed.
SexyTroll44's ghost hits you but does no damage.
You barely miss SexyTroll44's ghost.
SexyTroll44's ghost is almost destroyed.
SexyTroll44's ghost hits you!
You die...

..###.#.#####.###..##...#...#
.## ##........[.......#####.#
..###..............##...#...#
...#........#.###.#####.#.#.#
....#######.#<# #.# #...#.#
...#..# #.#[# #.######.##.#
..###.#####.#.# #........##.#
...#.....##.#.###.#########.#.
#...#.##........@)............
#..##.##..#....##W####.####.#
)..#...#..#.........)..#
##.....).......##.###..#
###...#)......##.# #..#
##.##.......##.# #..#
#.............< ...#
.............## #..#
######........# #..#


You could see SexyTroll44's ghost.

Vanquished Creatures
  A sky beast (D:5)
  A phantom (D:4)
  An ogre (D:4)
  The ghost of Kednathgar the Poker, a weakling MiGl (D:3)
  A howler monkey (D:4)
  A hound (D:4)
  2 orc priests
  3 orc wizards
  A centaur skeleton (D:4)
  An iguana (D:5)
  A worker ant (D:5)
  A worker ant zombie (D:5)
  6 adders
  A howler monkey skeleton (D:5)
  An adder skeleton (D:4)
  3 worms
  A dart slug (D:3)
  6 giant geckos
  19 orcs
  A giant cockroach (D:1)
  7 goblins
  4 hobgoblins
  2 jackals (D:4)
  A quokka (D:2)
  2 ball pythons
  4 bats
  A giant gecko skeleton (D:5)
  3 giant newts
  3 kobolds
  A quokka skeleton (D:4)
  7 rats
88 creatures vanquished.

Vanquished Creatures (others)
  5 toadstools (D:1)
5 creatures vanquished.

Grand Total: 93 creatures vanquished

Notes
Turn   | Place    | Note
--------------------------------------------------------------
     0 | D:1      | Nordron the Gargoyle Earth Elementalist began the quest for the Orb.
     0 | D:1      | Reached XP level 1. HP: 10/10 MP: 3/3
   257 | D:1      | Reached XP level 2. HP: 14/15 MP: 3/5
   338 | D:1      | Reached skill level 4 in Earth Magic
   651 | D:2      | Reached XP level 3. HP: 1/19 MP: 0/7
  1201 | D:2      | Reached XP level 4. HP: 24/24 MP: 2/8
  1312 | D:2      | Learned a level 3 spell: Stone Arrow
  1586 | D:3      | Noticed Kednathgar's ghost (weakling MiGl)
  1597 | D:3      | Killed Kednathgar's ghost
  1597 | D:3      | Reached skill level 1 in Conjurations
  1621 | D:3      | Reached XP level 5. HP: 28/28 MP: 4/10
  1855 | D:3      | Reached skill level 5 in Earth Magic
  2137 | D:3      | Learned a level 5 spell: Lee's Rapid Deconstruction
  2304 | D:3      | Found a blossoming altar of Fedhas.
  2304 | D:3      | Found an ancient bone altar of Kikubaaqudgha.
  2529 | D:4      | Found an oddly glowing altar of Pakellas.
  2619 | D:4      | Noticed an ogre
  2625 | D:4      | Killed an ogre
  2625 | D:4      | Reached XP level 6. HP: 22/32 MP: 12/12
  2647 | D:4      | Found Xuraokk's Antique Weapon Shop.
  2655 | D:4      | Bought a pitted trident for 204 gold pieces
  2655 | D:4      | Identified the +10 trident "Hacovyoll" {flame, Str+4 Dex+2 SInv Stlth+} (You bought it in a shop on level 4 of the Dungeon)
  3427 | D:4      | Noticed a phantom
  3460 | D:4      | Killed a phantom
  3460 | D:4      | Reached skill level 5 in Spellcasting
  3460 | D:4      | Reached XP level 7. HP: 36/36 MP: 14/14
  3536 | D:4      | Reached skill level 6 in Earth Magic
  3587 | D:5      | Entered Level 5 of the Dungeon
  3659 | D:5      | Found Pijaiblu's Book Emporium.
  3824 | D:5      | Noticed SexyTroll44's ghost (novice GrFi)
  3859 | D:5      | Slain by SexyTroll44's ghost

Skill      XL: |  1  2  3  4  5  6  7 |
---------------+----------------------+-----
Earth Magic    | 4 5 6 |  6.4
Spellcasting   | 3 4 5 |  5.8
Conjurations   | 1 2 3 |  3.8
Dodging        | |  1.5
Stealth        | |  2.1
Transmutations | |  0.7

Action                   |  1- 3 |  4- 6 |  7- 9 || total
-------------------------+-------+-------+-------++-------
Melee: Unarmed           |    12 |       |       ||    12
       Dagger            |    19 |       |       ||    19
       Mace              |     4 |     7 |       ||    11
       Trident           |       |    48 |    62 ||   110
 Cast: Sandblast         |    44 |    58 |     6 ||   108
       Stone Arrow       |       |       |     2 ||     2
 Stab: Sleeping          |       |       |     3 ||     3
       Distracted        |       |       |     1 ||     1
  Eat: Chunk             |     1 |     7 |     2 ||    10
Armor: Robe              |    13 |    21 |    24 ||    58
Dodge: Dodged            |    38 |    54 |    15 ||   107
